Map: Затон РВ

Players

ИИ 1 (знаток)

  • Race: Protoss Protoss
  • Spawn Location: 11:00

Doll - Winner!

  • Race: Zerg Zerg
  • Spawn Location: 5:00

VOD

Have the link to the VOD?

Description

Time

  • Played on: Jan. 16, 2021, 11:59 a.m.
  • Length: 12:28
Show
View Real Time Build Order
Export as new Build Order

ИИ 1 (знаток) Protoss 

Build Orders:  

Get SALT Encoding   

  12  0:00  Probe  
  13  0:13  Probe  
  14  0:19  Pylon  
  14  0:25  Probe  
  15  0:33  Probe  
  15  0:39  Gateway  
  15  0:41  Probe  
  16  0:47  Assimilator  
  17  0:51  Probe  
  18  0:59  Pylon, Probe  
  19  1:19  Probe  
  20  1:28  Zealot  
  20  1:30  Cybernetics Core  
  22  1:41  Gateway  
  22  1:46  Assimilator  
  22  1:50  Zealot  
  22  2:01  Pylon  
  24  2:12  Stalker  
  24  2:16  Warp Gate  
  26  2:28  Stalker  
  26  2:42  Zealot  
  28  2:51  Pylon  
  28  2:57  Adept  
  30  3:09  Zealot  
  32  3:27  Stalker  
  32  3:33  Pylon  
  34  3:36  Stalker  
  36  3:53  Adept  
  36  3:54  Probe  
  39  4:06  Probe  
  40  4:12  Pylon  
  40  4:13  Stalker  
  42  4:18  Probe  
  43  4:27  Forge  
  43  4:28  Stalker  
  43  4:30  Probe  
  46  4:38  Stalker  
  46  4:42  Probe  
  49  4:48  Zealot  
  51  4:54  Probe  
  52  5:56  Sentry, Protoss Ground Weapons Level 1  
  54  5:59  Gateway  
  54  6:01  Robotics Facility  
  54  6:03  Stalker  
  54  6:04  Twilight Council, Nexus  
  56  6:05  Photon Cannon  
  56  6:08  Photon Cannon  
  56  6:12  Stalker  
  58  6:26  Sentry  
  60  6:37  Pylon  
  48  6:40  Blink, Zealot  
  44  6:50  Zealot  
  44  6:51  Observer  
  47  6:57  Zealot  
  49  7:04  Stalker  
  51  7:12  Observer, Stalker  
  54  7:17  Probe  
  54  7:19  Stalker  
  54  7:22  Probe  
  58  7:29  Probe  
  59  7:34  Probe  
  60  7:38  Stalker  
  60  7:41  Probe  
  63  7:46  Probe  
  63  7:49  Stalker  
  63  7:50  Protoss Ground Armor Level 1  
  66  7:53  Probe  
  66  7:58  Probe  
  68  8:05  Probe  
  68  8:07  Pylon  
  68  8:10  Probe  
  70  8:16  Pylon  
  70  8:17  Probe  
  70  8:18  Probe, Stargate  
  71  8:25  Probe  
  71  8:26  Probe  
  72  8:29  Forge  
  72  8:33  Probe  
  74  8:36  Probe  
  74  8:39  Photon Cannon  
  76  8:44  Photon Cannon  
  76  9:07  Assimilator  
  76  9:09  Observer  
  76  9:10  Assimilator  
  76  9:29  Probe  
  77  9:32  Probe  
  78  9:41  Probe  
  79  9:56  Warp Prism, Oracle  
  79  9:59  Gateway  
  84  10:03  Templar Archives  
  84  10:06  Nexus  
  84  10:09  Pylon  
  82  10:25  Zealot  
  68  10:28  Stargate  
  68  10:32  Warp Prism, Robotics Facility  
  68  10:35  Zealot  
  55  10:44  Stalker  
  57  10:53  Stalker  
  59  10:59  Warp Prism  
  59  11:00  Stalker  
  59  11:03  Stalker  
  57  11:09  Stalker  
  57  11:17  Void Ray, Stalker  
  54  11:23  Stalker  
  53  11:29  Stalker  
  39  11:34  Observer  
  39  11:38  Zealot  
  20  11:48  High Templar  
  18  11:57  High Templar  
  21  12:07  High Templar  
  17  12:16  High Templar  
Show
View Real Time Build Order
Export as new Build Order

Doll Zerg - Winner!

Build Orders: Pool First, Muta Ling Bane 

Get SALT Encoding   

  12  0:20  Spawning Pool  
  11  0:22  Drone  
  12  0:29  Drone  
  13  0:36  Overlord  
  13  0:50  Extractor  
  12  1:07  Zergling x6  
  15  1:22  Hatchery  
  15  1:24  Drone  
  15  1:34  Drone  
  16  1:41  Drone  
  17  1:52  Drone  
  18  2:01  Queen  
  18  2:03  Drone  
  21  2:15  Drone  
  19  2:41  Hatchery  
  19  2:42  Overlord  
  18  2:45  Drone  
  18  2:50  Drone  
  20  2:54  Drone  
  21  2:59  Drone  
  21  3:01  Drone  
  23  3:08  Drone  
  23  3:09  Extractor  
  23  3:10  Drone  
  24  3:14  Drone  
  25  3:25  Drone  
  25  3:26  Drone  
  27  3:30  Queen  
  29  3:38  Drone  
  29  3:39  Zergling x2  
  31  3:41  Zergling x2  
  31  3:42  Zergling x2  
  33  3:52  Zergling x4  
  33  3:53  Zergling x2  
  33  3:54  Zergling x2  
  37  3:58  Drone  
  37  3:59  Drone  
  39  4:03  Drone  
  39  4:05  Zergling x2  
  39  4:07  Zergling x2  
  42  4:18  Overlord  
  42  4:24  Roach Warren  
  42  4:26  Overlord  
  42  4:30  Overlord  
  41  4:35  Lair  
  41  4:41  Drone  
  41  4:42  Drone  
  41  4:44  Drone  
  44  4:46  Drone  
  44  4:48  Drone  
  44  4:51  Drone  
  47  4:55  Drone  
  47  4:56  Drone  
  47  4:58  Drone  
  50  5:00  Drone  
  50  5:03  Drone  
  53  5:07  Drone  
  53  5:14  Baneling Nest  
  52  5:18  Roach x2  
  52  5:19  Roach  
  58  5:22  Roach  
  58  5:25  Roach  
  58  5:27  Roach  
  64  5:29  Roach  
  64  5:33  Overlord  
  66  5:35  Overseer  
  66  5:37  Overseer  
  66  5:44  Overlord  
  66  5:45  Overlord  
  66  5:47  Overlord  
  66  5:53  Glial Reconstitution  
  66  5:57  Metabolic Boost  
  66  5:59  Centrifical Hooks  
  66  6:03  Baneling x3  
  66  6:04  Baneling x2  
  66  6:05  Baneling x2  
  66  6:06  Baneling  
  66  6:07  Baneling  
  66  6:08  Baneling  
  66  6:09  Baneling  
  66  6:10  Baneling  
  66  6:11  Baneling  
  66  6:12  Baneling  
  66  6:13  Baneling x2  
  66  6:16  Drone x2  
  66  6:18  Drone  
  69  6:19  Drone  
  69  6:21  Drone  
  69  6:22  Drone  
  69  6:24  Drone  
  73  6:25  Drone  
  73  6:32  Extractor x2  
  72  6:37  Roach x2  
  72  6:38  Roach  
  72  6:39  Roach  
  71  6:42  Roach  
  71  6:43  Roach  
  75  6:53  Overlord  
  75  6:54  Overlord  
  75  7:05  Drone x2  
  75  7:06  Hatchery, Drone  
  75  7:07  Drone  
  78  7:09  Drone  
  78  7:10  Drone  
  78  7:14  Drone  
  81  7:15  Drone  
  81  7:17  Pneumatized Carapace  
  81  7:20  Drone x2  
  81  7:21  Drone  
  85  7:25  Drone  
  85  7:26  Drone  
  87  7:40  Evolution Chamber  
  87  7:42  Roach x2  
  87  7:43  Evolution Chamber, Roach  
  91  7:46  Evolution Chamber  
  91  7:50  Hydralisk Den  
  89  7:53  Roach  
  89  7:54  Infestation Pit, Roach x3  
  89  7:55  Roach  
  89  7:57  Overlord  
  98  8:06  Spire  
  98  8:09  Drone x2  
  99  8:14  Drone x2  
  99  8:15  Drone x3  
  104  8:20  Hydralisk  
  104  8:21  Hydralisk x2  
  104  8:24  Hydralisk  
  112  8:27  Hydralisk  
  112  8:30  Hydralisk  
  116  8:35  Ravager  
  116  8:37  Ravager  
  116  8:39  Ravager  
  119  8:45  Drone x2  
  119  8:46  Drone x4  
  119  8:47  Drone x2  
  127  8:51  Extractor  
  127  8:53  Extractor  
  127  8:55  Zergling x6  
  127  8:59  Overlord  
  127  9:00  Overlord  
  127  9:01  Overlord  
  128  9:04  Overlord  
  128  9:05  Overlord  
  128  9:09  Overseer  
  128  9:22  Hydralisk x3  
  128  9:23  Mutalisk, Hydralisk  
  128  9:24  Mutalisk  
  136  9:28  Mutalisk  
  142  9:38  Hydralisk x2  
  142  9:40  Zergling x2, Hydralisk  
  142  9:43  Hydralisk  
  151  9:52  Hatchery  
  150  9:53  Hatchery  
  150  9:59  Zergling x4  
  151  10:00  Zergling x6  
  151  10:01  Drone x4  
  151  10:02  Drone x3  
  151  10:04  Overlord  
  151  10:05  Hatchery  
  160  10:07  Extractor  
  160  10:08  Extractor  
  160  10:09  Zerg Melee Weapons Level 1  
  160  10:11  Zerg Missile Weapons Level 1  
  160  10:13  Zerg Ground Armor Level 1  
  158  10:16  Burrow  
  158  10:19  Roach  
  159  10:23  Zergling x2  
  159  10:24  Zergling x4  
  159  10:25  Zergling x4  
Tags
 
Composition
Muta Ling Bane
Matchup
ЗvП
Opening
Pool First
Spawn Locations
Cross Positions
Add a new tag
Caveats
  • Supply blocks, unpowered buildings, or Contaminate may cause inaccurate times.
  • Supply counts are checked every 10 seconds.